AoeStats
← [CL] Al3jandr0.magn00

Enclosed

504279418Analyzed
1v1 RM · 28d ago on Sep 4, 2026· 32m 16s· 2 players
Game mode
Random Map
Map size
Tiny (2 player)
Population
200
Speed
Normal
Resources
Standard
Victory
Conquest
Starting age
Dark Age
Ending age
Imperial Age
RankedLock teamsTeams togetherTeam positionsShared explorationLock speedFull tech treeHidden civsTurbo modeCheats
Victory
Defeat
🇳🇱 Huns · Netherlands
2154
+6
🇦🇷 Burmese · Argentina
1884
-6
[CL] Al3jandr0.magn00
6:34 Loom
8:55 Feudal Age
9:07 Man-at-Arms
10:13 Town Watch
15:34 Fletching
16:06 Padded Archer Armor
23:23 Castle Age
21:34 Horse Collar
22:07 Gold Mining
23:25 Crossbowman
25:30 Wheelbarrow
Darknoob
5:35 Loom
8:23 Feudal Age
9:25 Man-at-Arms
12:52 Fletching
15:53 Double-Bit Axe
15:49 Horse Collar
20:03 Castle Age
18:32 Padded Archer Armor
20:06 Crossbowman
21:26 Bow Saw
21:17 Heavy Plow
21:36 Scale Barding Armor
21:37 Gold Mining
25:45 Elite Skirmisher
29:42 Bodkin Arrow
30:55 Ballistics
Connection lost

Rejoining the realm…

Still unreachable

The connection could not be restored.

Session expired

The server has moved on; the page needs a fresh start.